 Dungeon Crawl Stone Soup version 0.21.1-1-g345015f (webtiles) character file.

24 inc the Vexing (level 2, 0/11 HPs)
             Began as a Felid Enchanter on Feb 22, 2018.
             Slain by a jackal (2 damage)
             ... on level 2 of the Dungeon.
             The game lasted 00:02:09 (1413 turns).

inc the Vexing (Felid Enchanter)                    Turns: 1413, Time: 00:02:10

Health: 0/11       AC:  1    Str:  4    XL:     2   Next: 79%
Magic:  0/6        EV: 18    Int: 16    God:
Gold:   28         SH:  0    Dex: 16    Spells: 2/5 levels left
                                        Lives:  0   Deaths: 0

rFire    . . .     SeeInvis +     - Unarmed
rCold    . . .     Gourm    .   (shield unavailable)
rNeg     . . .     Faith    .   (armour unavailable)
rPois    .         Spirit   .   (helmet unavailable)
rElec    .         Reflect  .   (cloak unavailable)
rCorr    .         Harm     .   (gloves unavailable)
MR       .....                  (boots unavailable)
Stlth    +++.......             (no amulet)
HPRegen  0.03/turn              (no ring)
MPRegen  0.10/turn              (no ring)

@: very slightly contaminated, quick
A: very small, no armour, no weapons or thrown items, stealth, claws 1, fangs 3,
see invisible, carnivore, speed 1, shaggy fur 1, slow metabolism 1, sharp paws
a: no special abilities


You were on level 2 of the Dungeon.
You were not hungry.

You visited 1 branch of the dungeon, and saw 2 of its levels.

You collected 28 gold pieces.

Inventory:

Scrolls
 c - 2 scrolls of identify {unknown}
 d - 2 scrolls of remove curse {unknown}
 e - a scroll of enchant weapon {unknown}
 h - a scroll of noise {unknown}
 j - a scroll of immolation {unknown}
Potions
 f - a potion of invisibility {unknown}
 g - a potion of degeneration {unknown}
 i - a potion of brilliance {unknown}
Books
 a - a book of Maledictions

   Spells                             Type                      Level
   a - Corona                         Hexes                        1
   b - Ensorcelled Hibernation        Hexes/Ice                    2
   c - Confuse                        Hexes                        3
   d - Tukima's Dance                 Hexes                        3
   e - Dazzling Spray                 Conjuration/Hexes            3
Comestibles
 b - 3 rations


   Skills:
 - Level 2.6 Dodging
 - Level 4.0 Stealth
 + Level 2.8 Unarmed Combat
 - Level 2.0 Spellcasting
 - Level 4.4 Hexes


You had 2 spell levels left.
You knew the following spells:

 Your Spells              Type           Power        Failure   Level  Hunger
a - Corona                Hex            ###....      3%          1    #......
b - Ensorcelled Hibernat  Hex/Ice        #.....       13%         2    ###....


Dungeon Overview and Level Annotations

Branches:
Dungeon (2/15)

Altars:
Dithmenos
Okawaru


Innate Abilities, Weirdness & Mutations

You cannot wear armour.
You are incapable of wielding weapons or throwing items.
Your paws allow you to move quietly. (Stealth)
You have sharp claws.
You have razor-sharp teeth.
You have supernaturally acute eyesight. (SInv)
You are carnivorous and can eat meat at any time.
You cover ground quickly.
You are covered in fur. (AC +1)
You have a slow metabolism.
Your sharp claws are effective at attacking unaware monsters.


Message History

Press: ? - help, Shift-Dir - straight line, f - jackal
Aim: a jackal (almost dead, chance to defeat MR: 57%)
The jackal resists with significant effort.
The jackal closely misses you. x2
You barely miss the jackal.
The jackal is almost dead.
The jackal closely misses you.
The jackal bites you but does no damage.
A giant cockroach comes into view.
The jackal bites you.
* * * LOW HITPOINT WARNING * * *
Casting: Ensorcelled Hibernation
Confirm with . or Enter, or press ? or * to list all spells.
Aiming: Ensorcelled Hibernation
Press: ? - help, Shift-Dir - straight line, f/p - jackal
Aim: a jackal (severely wounded, chance to defeat MR: 57%)
You miscast Ensorcelled Hibernation.
You are very lightly contaminated with residual magic.
Your skin tingles.
The jackal bites you.
You die...

.......##.#.. .......##.#(.
..........#.. #########
.........#.. #####..)....
.........###
..........################...####
..........#...)...<#..h.h........
..........#.########h#######..###
..........#..>..@h.h.......#..# #
..............######....s..#..###
....####.####.##############.....
##..#.......#............###.####
#..#.......#..#########.##......
#..#.......#..#####.# #.#######.
#..^..._...^........# #.# #.
##.#.......#.######.# #.# #.
#.#..†....#.# #.# #.# #.


You could see 3 jackals.

Vanquished Creatures
  2 dart slugs
  2 leopard geckos (D:1)
  A giant cockroach (D:2)
  A goblin (D:1)
  2 hobgoblins (D:1)
  A jackal (D:2)
  3 bats
  2 kobolds (D:2)
  4 rats
18 creatures vanquished.

Notes
Turn   | Place    | Note
-------+----------+-------------------------------------------
     0 | D:1      | inc the Felid Enchanter began the quest for the Orb.
     0 | D:1      | Reached XP level 1. HP: 7/7 MP: 4/4
   544 | D:1      | Reached XP level 2. HP: 5/11 MP: 6/6
   788 | D:1      | Learned a level 2 spell: Ensorcelled Hibernation
  1170 | D:2      | Found a shadowy altar of Dithmenos.
  1301 | D:2      | Found an iron altar of Okawaru.
  1413 | D:2      | Slain by a jackal

Skill      XL: |  1 |
---------------+----+-----
Unarmed Combat | 2 |  2.8
Dodging        | |  2.6
Stealth        | |  4.0
Spellcasting   | |  2.0
Hexes          | |  4.4

Action                   || total
-------------------------++-------
Melee: Unarmed           ||    50
       Bite              ||     5
       Punch             ||     1
 Cast: Corona            ||     2
       Ensorcelled Hiber ||     8
 Stab: Sleeping          ||     8
  Eat: Chunk             ||     4
Armor: Skin              ||     7
Dodge: Dodged            ||    52
